Map: Ephemeron LE

Players

cloaca

  • Race: Terran Terran
  • League: Platinum
  • Spawn Location: 5:00

ViBE - Winner!

  • Race: Protoss Protoss
  • League: Silver
  • Spawn Location: 11:00

VOD

Have the link to the VOD?

Description

Time

  • Played on: Dec. 6, 2019, 6:36 p.m.
  • Length: 5:38
Show
View Real Time Build Order
Export as new Build Order

cloaca Terran 

Build Orders:  

Get SALT Encoding   

  12  0:02  SCV  
  13  0:14  SCV  
  13  0:19  Supply Depot  
  14  0:26  SCV  
  15  0:41  SCV  
  16  0:43  Barracks  
  16  0:46  Refinery  
  16  0:53  SCV  
  17  1:05  SCV  
  18  1:17  SCV  
  18  1:18  Barracks  
  19  1:32  Supply Depot  
  19  1:42  Barracks Tech Lab  
  19  1:45  Barracks  
  19  1:48  SCV  
  20  2:00  SCV  
  21  2:02  Supply Depot  
  21  2:05  Supply Depot  
  21  2:11  Marauder  
  23  2:16  Barracks Tech Lab  
  22  2:32  Marauder  
  22  2:34  Barracks Tech Lab  
  22  2:35  Marauder  
  26  2:46  Concussive Shells  
  26  2:53  Marauder x2  
  26  2:56  Marine  
  31  3:14  Marauder  
  31  3:15  Marauder  
  35  3:21  Marauder  
  37  3:36  Marauder, Marine  
  40  3:42  Marine  
  41  3:53  Marine  
  42  3:55  Supply Depot  
  42  3:57  Supply Depot, Marauder  
  38  4:13  Marauder x2  
  42  4:18  Marine  
  39  4:33  Marine x2  
  39  4:36  Marauder  
  43  4:40  Refinery  
  43  4:51  Marine x2  
  45  4:57  Marine  
  38  5:09  Marine  
Show
View Real Time Build Order
Export as new Build Order

ViBE Protoss - Winner!

Build Orders:  

Get SALT Encoding   

  12  0:01  Probe  
  13  0:13  Probe  
  14  0:18  Pylon  
  14  0:25  Probe  
  15  0:37  Probe (Chrono Boost)  
  15  0:39  Gateway  
  16  0:49  Probe (Chrono Boost)  
  17  0:50  Assimilator  
  17  0:57  Probe (Chrono Boost)  
  17  1:03  Probe  
  19  1:15  Probe (Chrono Boost)  
  20  1:28  Probe (Chrono Boost)  
  20  1:29  Cybernetics Core  
  20  1:30  Gateway  
  21  1:34  Pylon, Probe (Chrono Boost)  
  22  1:42  Probe  
  22  1:45  Assimilator  
  24  1:54  Probe  
  24  2:06  Probe  
  24  2:07  Stalker  
  27  2:17  Stalker  
  27  2:18  Probe  
  30  2:31  Nexus  
  30  2:34  Probe  
  31  2:42  Pylon  
  31  3:00  Probe  
  31  3:03  Stalker x2  
  36  3:13  Probe (Chrono Boost)  
  36  3:14  Pylon  
  37  3:20  Pylon  
  37  3:24  Probe (Chrono Boost)  
  38  3:29  Probe (Chrono Boost)  
  39  3:35  Stalker, Warp Gate  
  39  3:39  Probe  
  42  3:45  Probe (Chrono Boost)  
  43  3:51  Probe (Chrono Boost)  
  44  3:57  Probe (Chrono Boost)  
  44  4:01  Probe (Chrono Boost)  
  46  4:03  Probe (Chrono Boost)  
  46  4:04  Stalker  
  46  4:06  Probe (Chrono Boost)  
  46  4:09  Pylon  
  49  4:12  Probe (Chrono Boost)  
  49  4:17  Probe (Chrono Boost)  
  49  4:24  Stalker  
  49  4:28  Probe (Chrono Boost)  
  49  4:29  Probe (Chrono Boost)  
  49  4:33  Probe (Chrono Boost)  
  49  4:35  Probe  
  51  4:38  Stalker  
  51  4:44  Probe, Shield Battery  
  54  4:46  Shield Battery  
  54  4:47  Probe  
  54  4:51  Shield Battery  
  55  4:54  Stalker  
  55  4:59  Probe x2 (Chrono Boost)  
  56  5:09  Probe (Chrono Boost)  
  56  5:11  Probe (Chrono Boost)  
  58  5:14  Probe (Chrono Boost)  
  58  5:20  Probe  
  59  5:23  Robotics Facility  
Tags
 
Add a new tag
Caveats
  • Supply blocks, unpowered buildings, or Contaminate may cause inaccurate times.
  • Supply counts are checked every 10 seconds.